 Dungeon Crawl Stone Soup version 0.31.0-4-g52a2dc7128 (webtiles) character file.

Game seed: 16141902550682878956

270 Sweeb the Twirler (level 6, -4/42 HPs)
             Began as an Octopode Gladiator on Jan 22, 2024.
             Splashed by a jelly's acid (9 damage)
             ... on level 4 of the Dungeon.
             The game lasted 00:04:03 (3390 turns).

Sweeb the Twirler (Octopode Gladiator)              Turns: 3390, Time: 00:04:05

Health: -4/42      AC: -7    Str: 13    XL:     6   Next: 22%
Magic:  6/6        EV: 15    Int: 10    God:
Gold:   38         SH:  0    Dex: 16    Spells: 5/5 levels left

rFire   . . .        a - +1 quarterstaff
rCold   . . .        (shield currently unavailable)
rNeg    . . .        b - +0 hat
rPois   .            (no amulet)
rElec   .            (no ring)
rCorr   .            (no ring)
SInv    .            (no ring)
Will    .....        (no ring)
Stlth   +++          (no ring)
HPRegen 0.27/turn    (no ring)
MPRegen 0.10/turn    (no ring)
                     (no ring)

%: no passive effects
@: corroded
A: almost no armour, amphibious, 8 rings, camouflage 1, gelatinous body 1,
(nimble swimmer 1), tentacles
a: no special abilities


You were on level 4 of the Dungeon.
You visited 1 branch of the dungeon, and saw 4 of its levels.

You collected 203 gold pieces.
You spent 165 gold pieces at shops.

Inventory:

Hand Weapons
 a - a +1 quarterstaff (weapon)
 m - a +0 lajatang
Missiles
 c - 3 throwing nets (quivered)
 d - a javelin
Armour
 b - a +0 hat (worn)
Jewellery
 e - a ring of fire
 l - a +6 ring of intelligence
Wands
 j - a wand of roots (6)
Scrolls
 k - a scroll of vulnerability
Potions
 f - 2 potions of curing {unknown}
 g - 2 potions of brilliance
 h - 3 potions of attraction
 i - a potion of magic {unknown}
 n - a potion of haste {unknown}


   Skills:
 + Level 3.2 Fighting
 * Level 4.8 Staves
 - Level 2.0 Throwing
 + Level 4.1 Dodging
 + Level 3.5 Stealth


You had 5 spell levels left.
You didn't know any spells.
Your spell library contained the following spells:

 Spells                   Type           Power      Damage    Failure   Level
 Fugue of the Fallen      Necr           0%         N/A       75%         3
 Ozocubu's Armour         Ice            0%         N/A       75%         3
 Manifold Assault         Tloc           0%         N/A       98%         4


Dungeon Overview and Level Annotations

Branches:
Dungeon (4/15)
 Temple: D:4-7

Altars:

Shops:
D:2 ([*?

Annotations:
D:3 1 runed translucent door, gelatine's ghost, weakling DsFi
D:4 Edmund


Innate Abilities, Weirdness & Mutations

You cannot wear most types of armour.
You are amphibious.
You can wear up to eight rings at the same time.
Your skin changes colour to match your surroundings (Stealth+).
Your rubbery body absorbs attacks. (AC +1, EV +1)
((You are camouflaged when in or above water. (Stealth+)))
You have tentacles for arms and can constrict up to eight enemies at once.


Message History

The scorpion is almost dead.
You constrict the scorpion. The scorpion stings you.
* * * LOW HITPOINT WARNING * * *
You hit the scorpion.
You kill the scorpion!
Your Dodging skill increases to level 4!
You have reached level 6!
You start resting.
HP restored.
Okay, then.
Edmund and a hobgoblin come into view.
Edmund is wielding a +1 flail of protection and carrying a wand of flame.
There are monsters nearby!
There are monsters nearby!
You now have 38 gold pieces (gained 5).
There are no items here.
A jelly comes into view.
The helpless jelly fails to defend itself.
You sock the jelly!
Your tentacles burn!
You squeeze the jelly, but do no damage.
The jelly is heavily wounded.
The jelly barely misses you.
You hit the jelly. The acid corrodes you!
Your tentacles burn!
The jelly is almost dead.
The jelly hits you.
You are splashed with acid!
You hit the jelly.
Your tentacles burn!
The jelly is almost dead.
The jelly hits you. The acid corrodes you!
You are splashed with acid!
* * * LOW HITPOINT WARNING * * *
You barely miss the jelly.
The jelly is almost dead.
The jelly closely misses you.
You hit the jelly but do no damage.
Your tentacles burn!
* * * LOW HITPOINT WARNING * * *
Your tentacle-slap misses the jelly.
The jelly is almost dead.
The jelly hits you.
* * * LOW HITPOINT WARNING * * *
You are splashed with acid!
You die...

.....# #.###.# ######
#.# #.# #... #.# #.#
#.######.###.#######
...................+
.....###.###.#######
.....#.#.# #.....#
......<#.# #####.#
.<...#.#.# #@#
#'#....#.# #J#
#.##.###.#######..
...................
.....#.#########....
.#####..............#
.'........######....#
.###......# #.....
..........#


You could see a jelly.

Vanquished Creatures
  A scorpion (D:4)
  An orc priest (D:3)
  Jessica (D:3)
  Terence (D:3)
  5 adders
  2 ribbon worms (D:2)
  A dart slug (D:3)
  6 orcs (D:3)
  5 endoplasms
  A giant cockroach (D:2)
  12 goblins
  7 hobgoblins
  4 jackals (D:1)
  A quokka (D:2)
  6 ball pythons
  4 bats
  2 frilled lizards
  9 kobolds
  2 rats
71 creatures vanquished.

Notes
Turn   | Place    | Note
-------+----------+-------------------------------------------
     0 | D:1      | Sweeb the Octopode Gladiator began the quest for the Orb.
     0 | D:1      | Reached XP level 1. HP: 14/14 MP: 1/1
    41 | D:1      | Reached XP level 2. HP: 4/19 MP: 2/2
    92 | D:1      | Reached skill level 1 in Stealth
   923 | D:2      | Found Ugranguq's Armour Boutique.
   928 | D:2      | Reached XP level 3. HP: 24/24 MP: 3/3
   936 | D:2      | Found Husolarph's General Store.
   989 | D:2      | Found Dagasche's Magic Scroll Emporium.
  1049 | D:2      | You fall into a shaft and drop 2 floors!
  1487 | D:2      | Reached XP level 4. HP: 30/30 MP: 4/4
  1525 | D:2      | Found Cezifecho's Weapon Emporium.
  2112 | D:3      | Found a runed translucent door.
  2112 | D:3      | Noticed gelatine's ghost (weakling DsFi)
  2199 | D:3      | Noticed Terence
  2210 | D:3      | Killed Terence
  2211 | D:3      | Reached XP level 5. HP: 28/36 MP: 5/5
  2416 | D:3      | Noticed Jessica
  2419 | D:3      | Killed Jessica
  3104 | D:2      | Bought a +0 lajatang for 165 gold pieces
  3231 | D:4      | Reached XP level 6. HP: 10/42 MP: 6/6
  3348 | D:4      | Noticed Edmund
  3390 | D:4      | Splashed by a jelly's acid

Illustrated notes

Levels and vault maps discovered:
D:1:      kennysheep_arrival_forest, layout_basic
D:2:      layout_basic, serial_shops, nicolae_shop_tiny_statue_garden,
          nicolae_square_shop, shop, nicolae_shop_advertising_works
          [nicolae_subvault_shop_adworks], corner_web_ring
D:3:      corexii_shack_village, layout_basic, ebering_ghost_inner_flame,
          uniq_terence, uniq_jessica
D:4:      layout_basic, supply_closet_lemuel, minmay_ruptured, uniq_ijyb,
          uniq_edmund

Skill      XL: |  1  2  3  4  5 |
---------------+----------------+-----
Stealth        | 1 2 3 |  3.5
Staves         | 4 |  4.8
Fighting       | 3 |  3.2
Dodging        | 4 |  4.1
Throwing       | |  2.0

Action                     |  1- 3 |  4- 6 || total
---------------------------+-------+-------++-------
  Melee: Quarterstaff      |    49 |    82 ||   131
         Constrict         |    11 |    19 ||    30
         Tentacles         |    10 |    13 ||    23
         Punch             |     1 |     1 ||     2
    Use: Scroll            |     5 |     1 ||     6
   Stab: Sleeping          |     6 |    18 ||    24
 Armour: Skin              |    13 |    31 ||    44
  Dodge: Dodged            |    31 |    39 ||    70
